 Dungeon Crawl Stone Soup version 0.28-a0-241-gfbb0926a3a (webtiles) character file.

Game seed: 8193423229005918726

42 Colgate the Chopper (level 3, -2/31 HPs)
             Began as a Draconian Fighter on Aug 24, 2021.
             Slain by an ogre (3 damage)
             ... on level 1 of the Dungeon.
             The game lasted 00:01:48 (1216 turns).

Colgate the Chopper (Draconian Fighter)             Turns: 1216, Time: 00:01:49

Health: -2/31      AC:  5    Str: 18    XL:     3   Next: 35%
Magic:  3/3        EV: 10    Int:  8    God:
Gold:   29         SH:  8    Dex: 11    Spells: 2/2 levels left

rFire   . . .      SeeInvis .   Y - +0 war axe
rCold   . . .      Faith    .   b - +0 kite shield
rNeg    . . .      Spirit   .   (armour unavailable)
rPois   .          Reflect  .   (helmet restricted)
rElec   .          Harm     .   (no cloak)
rCorr   .          Rampage  .   (no gloves)
Will    .....                   (no boots)
Stlth   +.........              (no amulet)
HPRegen 0.10/turn               (no ring)
MPRegen 0.08/turn               (no ring)

@: no status effects
A: AC +5, unfitting armour, cold-blooded
a: no special abilities


You were on level 1 of the Dungeon.
You visited 1 branch of the dungeon, and saw 2 of its levels.

You collected 29 gold pieces.


Innate Abilities, Weirdness & Mutations

Your plain brown scales are hard. (AC +5)
You cannot fit into any form of body armour.
You are cold-blooded and may be slowed by cold attacks.


   Skills:
 - Level 3.2 Fighting
 + Level 3.8 Axes
 - Level 2.6 Dodging
 - Level 3.0 Shields


You had 2 spell levels left.
You didn't know any spells.
Your spell library was empty.

Inventory:

Hand Weapons
 Y - a +0 war axe (weapon)
Armour
 b - a +0 kite shield (worn)
Potions
 c - a potion of might
 f - a potion of heal wounds {unknown}
 g - a potion of flight {unknown}

Dungeon Overview and Level Annotations

Branches:
Dungeon (2/15)

Altars:


Message History

You closely miss Natasha.
Your tail-slap misses Natasha.
Natasha is moderately wounded.
You block Natasha's attack. Natasha claws you.
You hit Natasha.
Natasha is heavily wounded.
You block Natasha's attack.
You slash Natasha!
You kill Natasha!
Natasha growls in agony!
You have reached level 3!
Your experience leads to an increase in your attributes!
Increase (S)trength, (I)ntelligence, or (D)exterity?
You feel agile.
Your scales feel tougher.
Found a green potion.
An ogre comes into view. It is wielding a +0 giant club.
The ogre shouts!
A worm comes into view.
The ogre hits you with a +0 giant club!
There is a stone staircase leading up here.
1124 ||| STAIRDANCE You climb upwards.
There is a stone staircase leading down here.
Done exploring.
(D) Dungeon
Where to? (* - list waypoints, Enter - D:2, ? - help)
You climb downwards.
The ogre barely misses you.
There is a stone staircase leading up here.
There are monsters nearby!
1213 ||| STAIRDANCE The ogre hits you with a +0 giant club!!
Ouch! That really hurt!
You climb upwards.
There is a stone staircase leading down here.
You barely miss the ogre. You tail-slap the ogre.
The ogre is moderately wounded.
The ogre hits you with a +0 giant club!
You barely miss the ogre.
The ogre is lightly wounded.
The ogre hits you with a +0 giant club.
You die...

...#.##..........................
#'##.##.#####.#...............###
..##.##.# #.###.###.#.##.......
.###.##.#####.###.###.#.##.......
.# ###................#.##....###
.# ##.#####.###.##..#.##....###
.# #..# #.###.##.............
.#####..#####..O.....##.##....###
................@..........#..# #
........#####.######.#######..###
.................¤¤¤¤¤...........
.############....¤¤¤¤¤...........
.# ############.#.#.#### .#
#.#.#.# # .# #.#.#.# # .# #.#.#.#
# .# #.#.#.# #


You could see an ogre.

Vanquished Creatures
  Natasha (D:2)
  A dart slug (D:2)
  4 endoplasms (D:1)
  2 giant cockroaches (D:1)
  2 goblins (D:1)
  A quokka (D:1)
  3 ball pythons (D:1)
14 creatures vanquished.

Notes
Turn   | Place    | Note
-------+----------+-------------------------------------------
     0 | D:1      | Colgate the Draconian Fighter began the quest for the Orb.
     0 | D:1      | Reached XP level 1. HP: 19/19 MP: 1/1
     0 | D:1      | 0 ||| counter = 74
   329 | D:1      | Reached XP level 2. HP: 26/26 MP: 2/2
   528 | D:1      | Reached skill level 3 in Axes
   833 | D:1      | 833 ||| READING scroll labelled BUACLO BOPLU.
   834 | D:1      | 834 ||| READING scroll labelled KAOH HEFANUI.
   966 | D:2      | Noticed Natasha
   976 | D:2      | Killed Natasha
   977 | D:2      | Reached XP level 3. HP: 18/31 MP: 3/3
  1104 | D:2      | Noticed an ogre
  1124 | D:2      | 1124 ||| STAIRDANCE
  1213 | D:2      | 1213 ||| STAIRDANCE
  1215 | D:1      | HP: 1/31 [ogre (11)]
  1216 | D:1      | Slain by an ogre

Levels and vault maps discovered:
D:1:      minmay_arrival_nine_rooms, layout_basic
D:2:      layout_basic, serial_aquarium, aquarium_bridge_straight
          [aquarium_subvault_bridge, aquarium_subvault_balcony,
          aquarium_subvault_bridge, aquarium_subvault_wall],
          aquarium_bridge_square [aquarium_subvault_wall,
          aquarium_subvault_window, aquarium_subvault_wall,
          aquarium_subvault_bridge], aquarium_window_1, aquarium_window_2,
          aquarium_window_1, aquarium_view_2a, aquarium_balcony_double_4,
          uniq_terence, uniq_jessica, uniq_natasha

Skill      XL: |  1  2 |
---------------+-------+-----
Axes           | 3 |  3.8
Fighting       | |  3.2
Dodging        | |  2.6
Shields        | |  3.0

Action                   || total
-------------------------++-------
Melee: War axe           ||    26
       Tailslap          ||     4
  Use: Scroll            ||     2
Armor: Skin              ||     4
Dodge: Dodged            ||     7
Block: Kite shield       ||     6

Table legend:
 A = Non-vault XP
 B = Vault XP
 C = Vault XP percentage of total XP
 D = Non-vault monster count
 E = Vault monster count
 F = Vault count percentage of total count
                 A         B        C        D         E       F
            +---------+---------+-------+---------+---------+-------
      Total |      25 |      36 |  59.0 |      13 |       1 |   7.1
            +---------+---------+-------+---------+---------+-------
        D:1 |      21 |       0 |   0.0 |      12 |       0 |   0.0
        D:2 |       4 |      36 |  90.0 |       1 |       1 |  50.0
            +---------+---------+-------+---------+---------+-------
